 Dungeon Crawl Stone Soup version 0.29.1-1-gd02db6906a (webtiles) character file.

Game seed: 896600177906901769

14929 xian the Thaumaturge (level 11, -7/72 HPs)
             Began as a Purple Draconian Air Elementalist on Sept 28, 2022.
             Was an Elder of Hepliaklqana.
             Mangled by an anaconda simulacrum (13 damage)
             ... in an ice cave.
             The game lasted 00:32:04 (11088 turns).

xian the Thaumaturge (DrAE)                        Turns: 11088, Time: 00:32:05

Health: -7/72      AC:  9    Str: 11    XL:     11   Next: 95%
Magic:  34/36      EV: 13    Int: 20    God:    Hepliaklqana [****..]
Gold:   722        SH:  0    Dex: 11    Spells: 25/34 levels left

rFire   . . .      SeeInvis +   G - +0 staff of Battle
rCold   . . .      Faith    .   (no shield)
rNeg    . . .      Spirit   .   (body armour unavailable)
rPois   .          Reflect  .   (helmet restricted)
rElec   .          Harm     +   F - scarf {harm}
rCorr   .          Rampage  .   (no gloves)
Will    +....                   j - +1 pair of boots
Stlth   ++........              E - amulet of magic regeneration
HPRegen 0.22/turn               K - ring of magical power
MPRegen 0.65/turn               D - ring of see invisible

@: slowed, very slow
A: reduced essence, breathe power, AC +7, unfitting armour, cold-blooded
a: Breathe Dispelling Energy, Renounce Religion, Recall Ancestor, Ancestor
Identity, Transference, Idealise


You were in an ice cave.
You worshipped Hepliaklqana.
Hepliaklqana was greatly pleased with you.
You visited 1 branch of the dungeon, and saw 11 of its levels.
You also visited: Sewer and Ice Cave.

You collected 739 gold pieces.
You spent 17 gold pieces at shops.

Inventory:

Hand Weapons
 G - the +0 staff of Battle (weapon)
   (You found it on level 8 of the Dungeon)

   It enhances your conjuration magic.
   It summons a battlesphere in combat, with strength depending on Conjurations
   skill.
   Its strikes trigger the battlesphere's blasts.
 M - a +0 shortbow of flaming
Missiles
 b - a throwing net
Armour
 j - a +1 pair of boots (worn)
 x - a +0 cloak
 F - a scarf of harm (worn)
Magical Staves
 c - a staff of earth
 o - a staff of air
Jewellery
 t - a +6 ring of strength
 D - a ring of see invisible (right hand)
 E - an amulet of magic regeneration (around neck)
 K - a ring of magical power (left hand)
Wands
 w - a wand of iceblast (26)
 C - a wand of digging (5)
 J - a wand of flame (26)
Scrolls
 a - 2 scrolls of poison {unknown}
 d - 2 scrolls of enchant armour
 k - 7 scrolls of teleportation
 l - 4 scrolls of vulnerability
 m - 2 scrolls of amnesia
 n - 3 scrolls of fog
 r - 2 scrolls of enchant weapon
 s - a scroll of summoning {unknown}
 y - a scroll of blinking
 z - 2 scrolls of silence {unknown}
 A - 6 scrolls of magic mapping
 H - a scroll of fear
Potions
 e - 5 potions of flight
 f - 3 potions of degeneration {unknown}
 g - 2 potions of heal wounds {unknown}
 h - 5 potions of brilliance
 i - a potion of attraction {unknown}
 p - 5 potions of curing
 q - a potion of ambrosia {unknown}
 u - 3 potions of resistance {unknown}
 B - 2 potions of lignification
 I - a potion of mutation {unknown}
 N - a potion of haste {unknown}
Miscellaneous
 v - a piece from Xom's chessboard (15/15)
 L - a phantom mirror


   Skills:
 + Level 2.5 Fighting
 + Level 2.2 Staves
 + Level 4.5 Dodging
 + Level 4.4 Stealth
 + Level 12.4 Spellcasting
 + Level 9.7 Conjurations
 + Level 10.6 Air Magic
 + Level 3.3 Earth Magic
 + Level 0.4 Evocations


You had 25 spell levels left.
You knew the following spells:

 Your Spells              Type           Power      Damage    Failure   Level
a - Shock                 Conj/Air       100%       1d9       1%          1
b - Static Discharge      Conj/Air       68%        3-12/arc  1%          2
c - Swiftness             Air            53%        N/A       1%          3
d - Stone Arrow           Conj/Erth      100%       3d13      1%          3

Your spell library contained the following spells:

 Spells                   Type           Power      Damage    Failure   Level
 Sandblast                Erth           50%        2d12      1%          1
 Airstrike                Air            26%        2d(4-20)  1%          4
 Passwall                 Tmut/Erth      15%        N/A       4%          2
 Apportation              Tloc           24%        N/A       5%          1
 Summon Lightning Spire   Summ/Air       33%        N/A       6%          4
 Blink                    Tloc           24%        N/A       9%          2
 Call Canine Familiar     Summ           12%        N/A       16%         3
 Portal Projectile        Hex/Tloc       24%        N/A       16%         3
 Summon Guardian Golem    Hex/Summ       12%        N/A       16%         3
 Silence                  Hex/Air        16%        N/A       17%         5
 Leda's Liquefaction      Hex/Erth       9%         N/A       26%         4
 Cause Fear               Hex            6%         N/A       47%         4
 Passage of Golubria      Tloc           12%        N/A       47%         4
 Orb of Destruction       Conj           33%        9d10      63%         7
 Alistair's Intoxication  Tmut/Pois      8%         N/A       83%         5
 Manifold Assault         Tloc           12%        N/A       83%         5
 Spellforged Servitor     Conj/Summ      23%        N/A       99%         7
 Storm Form               Tmut/Air       16%        N/A       99%         7
 Maxwell's Capacitive Co  Air            26%        ∞         99%         8
 Dragon Form              Tmut           6%         N/A       100%        7
 Lehudib's Crystal Spear  Conj/Erth      27%        10d7      100%        8
 Dragon's Call            Summ           6%         N/A       100%        9


Dungeon Overview and Level Annotations

Branches:
Dungeon (11/15)            Temple (0/1) D:6            Lair (0/5) D:11
    Orc (0/2) D:10          Sewer (visited)           IceCv (1/1)

Altars:
Dithmenos
Elyvilon
Fedhas
Gozag
Hepliaklqana
Makhleb
Nemelex Xobeh
Qazlal
Sif Muna
Uskayaw
Vehumet
Wu Jian
Xom
The Shining One

Shops:
D:1 *


Innate Abilities, Weirdness & Mutations

Your life essence is reduced to manifest your ancestor. (-10% HP)
You can breathe bolts of dispelling energy.
Your rich purple scales are hard. (AC +7)
You cannot fit into any form of body armour.
You are cold-blooded and may be slowed by cold attacks.


Message History

The cane toad simulacrum barely misses Octavia Butler.
Octavia Butler hits the cane toad simulacrum with a +0 flail!
The cane toad simulacrum vaporises!
You start resting.
Your battlesphere wavers and loses cohesion.
You start resting.
Magic restored.
You are engulfed in freezing vapours.
You feel yourself slow down.
Octavia Butler is engulfed in freezing vapours.
You are engulfed in freezing vapours.
You feel as though you will be slow longer.
Octavia Butler is engulfed in freezing vapours.
You are engulfed in freezing vapours.
* * * LOW HITPOINT WARNING * * *
Octavia Butler is engulfed in freezing vapours. x2
Octavia Butler is engulfed in freezing vapours.
You start resting.
Octavia Butler is engulfed in freezing vapours. x2
You start resting.
Octavia Butler is engulfed in freezing vapours.
Octavia Butler is destroyed!
Blink to where?
Press: ? - help, Dir - move target An anaconda simulacrum, an ice devil, a two-headed ogre simulacrum and a harpy simulacrum come into view.
As you read the scroll of blinking, it crumbles to dust.
You conjure a globe of magical energy.
Casting: Stone Arrow (safe; 1% risk of failure)
Confirm with . or Enter, or press ? or * to list all spells.
Aiming: Stone Arrow (safe; 1% risk of failure)
Press: ? - help, Shift-Dir - straight line, f - anaconda simulacrum
Aim: an anaconda simulacrum (dormant, 100% to hit)
You feel a surge of power!
The stone arrow hits the anaconda simulacrum!!
The anaconda simulacrum is severely damaged.
Your battlesphere fires!
The barrage of energy hits the two-headed ogre simulacrum!
The two-headed ogre simulacrum is severely damaged.
The anaconda simulacrum closely misses you.
The anaconda simulacrum bites you!
You die...

#... #.. ## #..## #.
#..#####..# ####.
##.§##.# ..###.....
##...§°○###........#
##..R#○☼§○##...*..4.8
#...###☼°°##..Z.Z....
#...##.§.○☼☼.@Z......
##...##☼☼○#○#.......#
##...###☼..####...###
##.....###### ..##
#...∩...# ##
#.......# ##..∩..##
##...## #####


You could see an ice devil (ally target), an anaconda simulacrum, a harpy
simulacrum, a two-headed ogre simulacrum and a friendly battlesphere.

Vanquished Creatures
  Josephine (D:10)
  A centaur warrior (D:9)
  3 two-headed ogres
  A skeletal warrior (D:9)
  A harpy (D:9)
  A deep elf pyromancer (D:9)
  2 ugly things
  A cyclops (D:9)
  2 ice devils (D:11)
  5 wraiths (D:10)
  A shadow (D:10)
  13 yaks (D:10)
  A vampire (D:9)
  A wyvern (D:9)
  A basilisk (D:9)
  A steam dragon (D:8)
  A death yak simulacrum (IceCv)
  A vampire mosquito (D:10)
  An acid dragon (D:7)
  A water moccasin (D:5)
  An ice beast (D:8)
  3 orc warriors
  An ogre (D:6)
  3 centaurs
  2 bullfrogs
  A scorpion (D:4)
  17 wights
  9 killer bees
  An electric eel (D:11)
  A howler monkey (D:5)
  5 quasits (D:5)
  An orc priest (D:10)
  2 gnoll boudas
  3 hounds
  A jelly (D:7)
  An iguana (D:7)
  6 orc wizards
  A merfolk avatar (Sewer)
  A merfolk siren (Sewer)
  A polar bear simulacrum (IceCv)
  4 gnolls (D:5)
  6 adders
  2 river rats (D:5)
  2 shadow imps
  A white imp (D:5)
  A worm (D:5)
  24 orcs
  9 ball pythons
  A bat (D:3)
  5 endoplasms
  10 giant cockroaches
  6 hobgoblins
  8 jackals
  5 kobolds
  4 quokkas
  5 frilled lizards
  10 goblins
  20 rats
  A butterfly (D:5)
225 creatures vanquished.

Vanquished Creatures (collateral kills)
  Maggie (D:7)
  A troll (D:11)
  A wyvern (D:6)
  3 vampire mosquitoes (D:10)
  A water moccasin (D:7)
  2 orc warriors (D:10)
  A phantom (D:6)
  2 bullfrogs (D:6)
  A cane toad simulacrum (IceCv)
  3 wights (D:8)
  2 killer bees
  4 hounds
  A gnoll bouda (D:5)
  An orc priest (D:10)
  An orc wizard (D:6)
  A polar bear simulacrum (IceCv)
  7 gnolls
  4 adders
  2 shadow imps (D:5)
  2 white imps (D:5)
  An ufetubus (D:5)
  A worm (D:5)
  An orc (D:10)
  A goblin (D:4)
  A hobgoblin (D:4)
  4 jackals
  2 ball pythons
  A bat (D:3)
  2 frilled lizards (Sewer)
  6 rats
  A butterfly (D:5)
62 creatures vanquished.

Vanquished Creatures (others)
  6 knights
  A demonic plant (D:5)
7 creatures vanquished.

Grand Total: 294 creatures vanquished

Notes
Turn   | Place    | Note
-------+----------+-------------------------------------------
     0 | D:1      | xian the Draconian Air Elementalist began the quest for the
                  | Orb.
     0 | D:1      | Reached XP level 1. HP: 14/14 MP: 3/3
   315 | D:1      | Found Sallerye's Assorted Antiques.
   375 | D:1      | Bought a scroll labelled SOHOEC VOHOI for 17 gold pieces
   429 | D:1      | Reached XP level 2. HP: 14/20 MP: 5/5
   444 | D:1      | Learned a level 2 spell: Static Discharge
  1377 | D:2      | Reached XP level 3. HP: 5/26 MP: 0/6
  1764 | D:2      | Found a hide-covered altar of Uskayaw.
  1806 | D:2      | Identified the +1 leather armour of the Stag {*Corrode rC+
                  | Dex+5}
  2260 | D:2      | Found a faded altar of an unknown god.
  2308 | D:2      | Prayed at the altar of an unknown god.
  2308 | D:2      | Became a worshipper of Hepliaklqana the Forgotten
  2308 | D:2      | Reached * piety under Hepliaklqana
  3286 | D:4      | Found a white marble altar of Elyvilon.
  3292 | D:4      | Reached XP level 4. HP: 26/29 MP: 0/7
  3375 | D:4      | Noticed a scorpion
  3384 | D:4      | Killed a scorpion
  3385 | D:4      | Reached skill level 3 in Spellcasting
  3574 | D:4      | Reached XP level 5. HP: 30/34 MP: 3/9
  3708 | D:4      | Found a glowing golden altar of the Shining One.
  3881 | D:4      | Reached ** piety under Hepliaklqana
  3882 | D:4      | Remembered your ancestor Octavia Butler as a knight
  4492 | D:5      | Entered Level 5 of the Dungeon
  4492 | D:5      | Found a shimmering altar of Xom.
  4500 | D:5      | Reached XP level 6. HP: 36/41 MP: 3/11
  4524 | D:5      | Identified a scroll of acquirement
  4524 | D:5      | Acquired a staff of air
  4552 | D:5      | Noticed a water moccasin
  4570 | D:5      | Killed a water moccasin
  4571 | D:5      | Reached skill level 4 in Spellcasting
  4576 | D:5      | Reached skill level 1 in Fighting
  4576 | D:5      | Reached skill level 5 in Air Magic
  4576 | D:5      | Your scales start taking on a rich purple colour.
  4576 | D:5      | Reached skill level 5 in Spellcasting
  4576 | D:5      | Reached XP level 7. HP: 4/46 MP: 11/14
  4593 | D:5      | HP: 2/46 [shadow imp (3)]
  4884 | D:5      | Found a glowing drain.
  4893 | Sewer    | Entered a sewer
  5955 | D:6      | Reached skill level 6 in Spellcasting
  5955 | D:6      | Reached XP level 8. HP: 53/53 MP: 15/17
  6163 | D:6      | Reached *** piety under Hepliaklqana
  6185 | D:6      | Found a staircase to the Ecumenical Temple.
  6283 | D:6      | Reached skill level 1 in Staves
  6488 | D:6      | Reached skill level 5 in Conjurations
  6844 | D:7      | Reached skill level 7 in Spellcasting
  7077 | D:7      | Found a sparkling altar of Nemelex Xobeh.
  7174 | D:7      | Noticed Maggie
  7185 | D:7      | Reached XP level 9. HP: 17/60 MP: 17/20
  7189 | D:7      | Killed Maggie
  7456 | D:7      | Found an opulent altar of Gozag.
  7701 | D:7      | Reached skill level 8 in Spellcasting
  7988 | D:8      | Found a shadowy altar of Dithmenos.
  8159 | D:8      | Reached **** piety under Hepliaklqana
  8186 | D:8      | Reached skill level 9 in Spellcasting
  8273 | D:8      | Found the +0 staff of Battle
  8486 | D:8      | Noticed a two-headed ogre
  8492 | D:8      | Killed a two-headed ogre
  8493 | D:8      | Reached XP level 10. HP: 65/65 MP: 18/23
  8585 | D:8      | Learned a level 3 spell: Swiftness
  8589 | D:8      | Learned a level 3 spell: Stone Arrow
  9121 | D:9      | Noticed a deep elf pyromancer
  9121 | D:9      | Noticed a harpy
  9122 | D:9      | Noticed a skeletal warrior
  9125 | D:9      | Noticed a cyclops
  9126 | D:9      | Noticed a centaur warrior
  9127 | D:9      | Noticed a brown ugly thing
  9182 | D:9      | Reached skill level 10 in Spellcasting
  9192 | D:9      | Killed a skeletal warrior
  9205 | D:9      | Killed a deep elf pyromancer
  9209 | D:9      | Killed a harpy
  9211 | D:9      | Killed a brown ugly thing
  9212 | D:9      | Reached skill level 1 in Earth Magic
  9219 | D:9      | Killed a cyclops
  9226 | D:9      | Killed a centaur warrior
  9227 | D:9      | Reached XP level 11. HP: 7/72 MP: 20/25
  9672 | D:9      | Found a radiant altar of Vehumet.
  9778 | D:10     | Entered Level 10 of the Dungeon
  9778 | D:10     | Noticed a two-headed ogre
  9780 | D:10     | Killed a two-headed ogre
  9781 | D:10     | Reached skill level 11 in Spellcasting
 10030 | D:10     | Found a blossoming altar of Fedhas.
 10069 | D:10     | Noticed a purple ugly thing
 10083 | D:10     | Killed a purple ugly thing
 10087 | D:10     | Reached skill level 10 in Air Magic
 10167 | D:10     | Noticed Josephine
 10180 | D:10     | Killed Josephine
 10181 | D:10     | Reached skill level 12 in Spellcasting
 10374 | D:10     | Noticed a two-headed ogre
 10377 | D:10     | Killed a two-headed ogre
 10401 | D:10     | Found a stormy altar of Qazlal.
 10406 | D:10     | Found an ornate altar of the Wu Jian Council.
 10409 | D:10     | Found a burning altar of Makhleb.
 10514 | D:10     | Found a staircase to the Orcish Mines.
 10571 | D:10     | Found a shimmering blue altar of Sif Muna.
 10976 | D:11     | Found a frozen archway.
 11053 | IceCv    | Entered an ice cave
 11088 | IceCv    | Mangled by an anaconda simulacrum

Illustrated notes

Levels and vault maps discovered:
D:1:      dpeg_arrival_circle_labyrinth_c, layout_loops_ring, serial_shops, shop
D:2:      layout_rooms, basic_altar, ebering_ecumenical_altar_box,
          nicolae_kite_square_tiling_tiny
D:3:      layout_loops_cross, chequers_serial_rivers_micro_a
D:4:      layout_gridville, tso_metal_star, mainiacjoe_overflow_tiny_flanked
D:5:      layout_rooms, xom_butterflies, lightli_sewer_entry_pipes,
          serial_demonic, serial_demonic_e, serial_demonic_d, serial_demonic_a,
          serial_demonic_g
D:6:      layout_loops_ring, minmay_temple_entry_junction,
          chequers_serial_rivers_micro_d
D:7:      layout_basic, mainiacjoe_overflow_catwalk,
          mainiacjoe_overflow_chevrons, uniq_maggie
D:8:      layout_basic, marbit_many_paths
D:9:      layout_rooms, vehumet_altar_wand_db, onia_ninara_dug_in_and_dangerous
D:10:     layout_basic, nicolae_sif_muna_condensation,
          minmay_overflow_temple_star_quad, kennysheep_mini, david_orc_4,
          uniq_josephine
D:11:     layout_roguey, erik_lair_island, portal_ice_cave_demonic_guard,
          chequers_big_river, uniq_snorg
IceCv:    ice_cave_small_necro

Skill      XL: |  1  2  3  4  5  6  7  8  9 10 11 |
---------------+----------------------------------+-----
Dodging        | 2 3 4 |  4.5
Stealth        | 2 3 4 |  4.4
Spellcasting   | 3 5 6 7 9 10 12 | 12.4
Conjurations   | 2 3 4 5 7 8 9 |  9.7
Air Magic      | 4 5 6 8 9 10 | 10.6
Fighting       | 1 2 |  2.5
Staves         | 1 2 |  2.2
Earth Magic    | 1 3 |  3.3
Evocations     | |  0.4

Action                   |  1- 3 |  4- 6 |  7- 9 | 10-12 || total
-------------------------+-------+-------+-------+-------++-------
Melee: Dagger            |    32 |    24 |       |       ||    56
       Tailslap          |     3 |     2 |     3 |       ||     8
       Staff             |       |     1 |    34 |       ||    35
 Cast: Shock             |    91 |    45 |   144 |   113 ||   393
       Static Discharge  |     2 |    11 |    21 |    14 ||    48
       Stone Arrow       |       |       |       |    27 ||    27
       Swiftness         |       |       |       |     1 ||     1
Invok: Ancestor Identity |     1 |       |       |       ||     1
       Ancestor Life: Kn |       |     1 |       |       ||     1
 Abil: Breathe Dispellin |       |       |     2 |       ||     2
Evoke: Wand              |       |       |       |     1 ||     1
  Use: Scroll            |       |    12 |     2 |     3 ||    17
       Potion            |       |     4 |     1 |       ||     5
Armor: Skin              |    14 |    25 |    30 |     2 ||    71
Dodge: Dodged            |    20 |    45 |    50 |     8 ||   123
